[Event "Vienna Championship-B 2022"]
[Site "Vienna"]
[Date "2022.09.21"]
[Round "5.7"]
[White "Hirsch, Adolf Jun."]
[Black "Bytyqi, Kujtim"]
[Result "0-1"]
[ECO "E68"]
[WhiteElo "1731"]
[BlackElo "1862"]
[Annotator "NA RC COMBH"]
[PlyCount "44"]
[EventDate "2022.09.17"]
[EventType "swiss"]
[EventCountry "AUT"]
[SourceTitle "playchess.com"]
[Source "ChessBase"]
[SourceQuality "1"]
[TimeControl "5400+30"]

1. Nf3 Nf6 2. g3 g6 3. Bg2 Bg7 4. d4 O-O 5. c4 d6 6. O-O Nbd7 7. Nc3 e5 8. b3 c6 9. e4 exd4 10. Nxd4 Nc5 11. Rb1 Re8 12. f3 d5 13. cxd5 cxd5 14. Ba3 Qb6 15. Bxc5 Qxc5 16. Na4 Qe7 17. Re1 dxe4 18. fxe4 Rd8 19. Nc3 Qc5 20. Nce2 Ng4 21. h3 Bxd4+ 22. Nxd4 Rxd4 0-1

[Event "Vienna Championship-B 2022"]
[Site "Vienna"]
[Date "2022.09.21"]
[Round "5.8"]
[White "Pavlov, Alexander"]
[Black "Stinner, David"]
[Result "*"]
[ECO "B18"]
[WhiteElo "1751"]
[BlackElo "1823"]
[Annotator "NA RC COMBH"]
[PlyCount "106"]
[EventDate "2022.09.17"]
[EventType "swiss"]
[EventCountry "AUT"]
[SourceTitle "playchess.com"]
[Source "ChessBase"]
[SourceQuality "1"]
[TimeControl "5400+30"]

1. e4 c6 2. d4 d5 3. Nc3 dxe4 4. Nxe4 Bf5 5. Ng3 Bg6 6. Nf3 Nd7 7. Bf4 e6 8. Bd3 Ngf6 9. O-O Be7 10. Re1 O-O 11. Bxg6 hxg6 12. Qd3 c5 13. c3 cxd4 14. cxd4 Nd5 15. Bd2 Rc8 16. Ne4 N7f6 17. Neg5 Nh5 18. Re4 Qd6 19. Rh4 f5 20. g3 Bxg5 21. Bxg5 Nb4 22. Qb3 Qd5 23. Ne5 Qxb3 24. axb3 Kh7 25. f3 Nc6 26. g4 Nxe5 27. dxe5 fxg4 28. fxg4 Rc2 29. Rf1 Rxf1+ 30. Kxf1 Rxb2 31. gxh5 gxh5 32. Be3 Rxb3 33. Rxh5+ Kg6 34. Rg5+ Kf7 35. Bxa7 b5 36. Rg3 Rb2 37. h3 b4 38. Rf3+ Kg6 39. Rf2 Rb3 40. Kg2 Ra3 41. Bc5 Ra5 42. Bd6 b3 43. Rf1 Ra2+ 44. Kg3 Rc2 45. Rb1 Rc3+ 46. Kg4 Rc4+ 47. Kf3 Rc3+ 48. Kg2 Rc2+ 49. Kg1 Rc3 50. h4 Kf5 51. Bf8 g6 52. Bg7 Ke4 53. Kf1 Kf4 *

[Event "Vienna Championship-B 2022"]
[Site "Vienna"]
[Date "2022.09.21"]
[Round "5.10"]
[White "Wickramasinghe, Nathaniel"]
[Black "Paseka, Christian"]
[Result "1-0"]
[ECO "B83"]
[WhiteElo "1760"]
[BlackElo "1568"]
[Annotator "NA COMBH"]
[PlyCount "59"]
[EventDate "2022.09.17"]
[EventType "swiss"]
[EventCountry "AUT"]
[SourceTitle "playchess.com"]
[Source "ChessBase"]
[SourceQuality "1"]
[TimeControl "5400+30"]

1. e4 c5 2. Nf3 d6 3. d4 cxd4 4. Nxd4 Nf6 5. Nc3 a6 6. Be3 e6 7. Be2 Be7 8. O-O Nc6 9. f4 Qc7 10. Qd2 Nxd4 11. Bxd4 e5 12. Be3 O-O 13. f5 b5 14. a3 Bb7 15. Bf3 Rfd8 16. Bg5 h6 17. Bxf6 Bxf6 18. Nd5 Bxd5 19. Qxd5 Qxc2 20. Bh5 Qc7 21. Rac1 Qd7 22. Rc3 Rac8 23. Rfc1 Rxc3 24. Rxc3 Rc8 25. Qxf7+ Qxf7 26. Bxf7+ Kxf7 27. Rxc8 a5 28. Ra8 b4 29. Rxa5 bxa3 30. Rxa3 1-0

[Event "Vienna Championship-B 2022"]
[Site "Vienna"]
[Date "2022.09.21"]
[Round "5.12"]
[White "Kern, Julian"]
[Black "Ginther, Tobias"]
[Result "0-1"]
[ECO "D35"]
[WhiteElo "1694"]
[BlackElo "1766"]
[Annotator "NA RC COMBH"]
[PlyCount "84"]
[EventDate "2022.09.17"]
[EventType "swiss"]
[EventCountry "AUT"]
[SourceTitle "playchess.com"]
[Source "ChessBase"]
[SourceQuality "1"]
[TimeControl "5400+30"]

1. d4 d5 2. c4 e6 3. Nc3 Nf6 4. cxd5 exd5 5. Bg5 c6 6. e3 Bf5 7. Qf3 Bg6 8. Bxf6 Qxf6 9. Qxf6 gxf6 10. Nf3 Bd6 11. Rd1 Nd7 12. Bd3 O-O-O 13. Nh4 Rhe8 14. Nf5 Bc7 15. O-O Nb6 16. b3 Kb8 17. Rc1 Nc8 18. Rfd1 Nd6 19. Ng3 h5 20. Nge2 h4 21. Nf4 Bxd3 22. Nxd3 Rg8 23. b4 Rg5 24. a4 Rdg8 25. Ne1 Nc4 26. Rd3 f5 27. b5 Ba5 28. f4 R5g6 29. Rc2 Re8 30. Re2 Rge6 31. Kf2 Nd6 32. Kf3 Bxc3 33. Rxc3 cxb5 34. axb5 Nxb5 35. Rcc2 Re4 36. Nd3 Rxe3+ 37. Rxe3 Nxd4+ 38. Kf2 Rxe3 39. Rd2 Re4 40. Nc5 Rxf4+ 41. Ke3 Ne6 42. Rxd5 Rc4 0-1

[Event "Vienna Championship-B 2022"]
[Site "Vienna"]
[Date "2022.09.21"]
[Round "5.13"]
[White "Krejcar, Walter"]
[Black "Stadlinger, Lukas"]
[Result "1/2-1/2"]
[ECO "E61"]
[WhiteElo "1770"]
[BlackElo "1729"]
[Annotator "NA RC COMBH"]
[PlyCount "96"]
[EventDate "2022.09.17"]
[EventType "swiss"]
[EventCountry "AUT"]
[SourceTitle "playchess.com"]
[Source "ChessBase"]
[SourceQuality "1"]
[TimeControl "5400+30"]

1. d4 Nf6 2. Bf4 g6 3. e3 Bg7 4. c4 d6 5. Nc3 O-O 6. h3 Nbd7 7. Nf3 Nh5 8. Bg5 f5 9. Be2 Nhf6 10. Qc2 e5 11. O-O-O Qe8 12. d5 Nc5 13. Bxf6 Bxf6 14. h4 Ne4 15. Bd3 Nxc3 16. bxc3 e4 17. Nd4 exd3 18. Rxd3 Bxd4 19. Rxd4 Bd7 20. h5 g5 21. Qd2 Rf6 22. f3 Qf7 23. e4 h6 24. f4 gxf4 25. Qxf4 fxe4 26. Qe3 Rf8 27. Rxe4 Rf1+ 28. Rxf1 Qxf1+ 29. Kb2 Qf2+ 30. Ka3 Qxe3 31. Rxe3 Rf7 32. Kb4 c5+ 33. Kb3 Kf8 34. Rg3 Rf6 35. a4 Kf7 36. a5 Ke7 37. Rg7+ Kd8 38. g4 Kc7 39. Kc2 Rf4 40. g5 hxg5 41. h6 Rxc4 42. h7 Rh4 43. Kd3 b5 44. axb6+ axb6 45. c4 g4 46. Ke3 g3 47. Kf3 Rh3 48. Kg2 Rh2+ 1/2-1/2

[Event "Vienna Championship-B 2022"]
[Site "Vienna"]
[Date "2022.09.22"]
[Round "6.1"]
[White "Andresen, Erik"]
[Black "Wagner, Leopold Franziskus"]
[Result "1/2-1/2"]
[ECO "B12"]
[WhiteElo "1879"]
[BlackElo "2201"]
[Annotator "TA"]
[PlyCount "64"]
[EventDate "2022.09.17"]
[EventType "swiss"]
[EventCountry "AUT"]
[SourceTitle "playchess.com"]
[Source "ChessBase"]
[SourceQuality "1"]
[TimeControl "5400+30"]

1. e4 c6 2. d4 d5 3. e5 Bf5 4. h4 h5 5. Bd3 Bxd3 6. Qxd3 e6 7. Bg5 {[%emt 0:00:06] B12: Caro-Kann: Advance Variation.} Be7 8. Nf3 Nh6 9. Nc3 {[%emt 0:00:07] White has an edge.} Nd7 10. Ne2 Nf5 11. Ng3 g6 12. Nxf5 gxf5 13. O-O {[%emt 0:00:14] [#]} Bxg5 $146 ({Predecessor:} 13... Nf8 14. g3 Nh7 15. Bd2 Rg8 16. Kh2 Kd7 17. b3 Rg4 18. Rac1 b5 19. c4 a6 20. cxd5 cxd5 21. Rc2 Rc8 22. Rfc1 Rxc2 23. Qxc2 Qb6 24. Qc8# {1-0 (24) Tolhurst,P (2185)-Naldrett,G ICCF email 2016}) 14. Nxg5 Qe7 15. Rfe1 {[%emt 0:05:26] White is more active.} O-O-O 16. b4 Nb6 17. b5 (17. a4 $14 {should be considered.}) 17... cxb5 $11 18. Reb1 Nc4 19. Rxb5 Rd7 20. a4 Kb8 21. a5 Rc7 22. Kh2 Rg8 23. g3 (23. a6 $11) 23... Ka8 (23... a6 $15 24. Rb3 Rxg5 25. hxg5 Qxg5) 24. Nf3 (24. a6 $11) 24... Qf8 ({Black should try} 24... a6 $17 25. Rbb1 f6 26. exf6 Qxf6) 25. Nd2 {[%emt 0:03:44] [#]} (25. a6 $11 b6 26. Ng5) 25... Nxd2 (25... a6 $1 $17 26. Rbb1 Nxd2 27. Qxd2 f6 28. exf6 Qxf6) 26. Qxd2 Qc8 27. Rb2 Rc4 28. Rab1 Rd8 $2 (28... Rc7 $11 {and Black is okay.}) 29. Qd1 (29. Rxb7 $18 {aiming for Qg5.} Qxb7 30. Rxb7 Kxb7 31. Qg5) 29... Rh8 30. Qd2 Rc7 31. Kh3 Qg8 32. Qb4 (32. Qg5 $11) 32... Qf8 {[%emt 0:08:42] Weighted Error Value: White=0.32/Black=0.25 (precise)} (32... Qg4+ $15 33. Kh2 f4) 1/2-1/2

[Event "Vienna Championship-B 2022"]
[Site "Vienna"]
[Date "2022.09.22"]
[Round "6.2"]
[White "Obenaus, Paul"]
[Black "Bonk, Andras"]
[Result "0-1"]
[ECO "E11"]
[WhiteElo "1825"]
[BlackElo "2175"]
[Annotator "TA"]
[PlyCount "48"]
[EventDate "2022.09.17"]
[EventType "swiss"]
[EventCountry "AUT"]
[SourceTitle "playchess.com"]
[Source "ChessBase"]
[SourceQuality "1"]
[TimeControl "5400+30"]

1. d4 Nf6 2. c4 e6 3. Nf3 Bb4+ 4. Bd2 a5 5. a3 Bxd2+ 6. Qxd2 d5 {[%emt 0:00:36] E11: Bogo-Indian.} 7. Nc3 O-O 8. e3 b6 {[%emt 0:00:35][%cal Bb7b6,Bb6c5,Bc5c4,Bc4d3,Bd3d2][%mdl 32] White has an edge.} 9. cxd5 exd5 10. Bd3 c5 11. dxc5 bxc5 12. O-O Bb7 {[%emt 0:08:18] [#]} 13. Rfd1 $146 ({Predecessor:} 13. Be2 Nbd7 14. b4 d4 15. exd4 axb4 16. Nb5 Nd5 17. axb4 cxb4 18. Nd6 Rxa1 19. Rxa1 {0-1 (38) Chkhaidze,N (2288)-Quparadze,G (2477) Tbilisi 2022}) 13... Qe7 14. Na4 Bc6 15. Qc2 {[%emt 0:05:11] [#]} (15. Nc3 $11) 15... c4 $1 $17 16. Nd4 $2 {[%emt 0:19:53] Loses the game.} (16. Bxh7+ $17 {was worth a try.} Nxh7 17. Nb6) 16... Bxa4 $19 ({Avoid the trap} 16... cxd3 $2 17. Rxd3 (17. Nxc6 $2 Qe6 $19) 17... Bxa4 18. Qxa4 $19) 17. Qxa4 cxd3 18. b4 (18. Rxd3 $142 Rc8 19. Rb3) 18... Qe8 19. b5 (19. Qxe8 $142 Rxe8 20. b5) 19... Nbd7 {[%emt 0:00:30] [#] White must now prevent ...Nc5.} 20. Rac1 {[%emt 0:01:51] Prevents Nc5.} Ne4 21. Qb3 d2 22. Rc7 Rc8 23. b6 (23. Rxc8 Qxc8 24. f3) 23... Ndc5 24. Qb2 (24. Qc2 $142 Rxc7 25. bxc7) 24... Qa4 {[%emt 0:02:49] Weighted Error Value: White=1.08/Black=0.42} 0-1

[Event "Vienna Championship-B 2022"]
[Site "Vienna"]
[Date "2022.09.22"]
[Round "6.3"]
[White "Kummer, Helmut"]
[Black "Deak-Sala, Emilia"]
[Result "1/2-1/2"]
[ECO "E65"]
[WhiteElo "2203"]
[BlackElo "1787"]
[Annotator "TA"]
[PlyCount "71"]
[EventDate "2022.09.17"]
[EventType "swiss"]
[EventCountry "AUT"]
[SourceTitle "playchess.com"]
[Source "ChessBase"]
[SourceQuality "1"]
[TimeControl "5400+30"]

1. d4 Nf6 2. c4 g6 3. Nc3 Bg7 4. Nf3 d6 5. g3 O-O 6. Bg2 c5 7. O-O Na6 8. b3 Bd7 {[%emt 0:04:33] has lost popularity (8...Bg4).} 9. Bb2 {[%emt 0:02:20] E65: King's Indian: Fianchetto: 6...c5 7 0-0 without d5 by White.} Qc8 {[%emt 1:19:44] [#]} 10. d5 $146 ({Predecessor:} 10. Re1 Bh3 11. Bh1 Bg4 12. Qd2 Re8 13. Rad1 Rb8 14. Qc1 Nb4 15. dxc5 Qxc5 16. a3 Nc6 {½-½ (37) Szabo,B (2414)-Saric,S (2413) Bol 2014}) 10... Ne4 11. Qc1 {[%emt 0:00:10] White is slightly better.} ({Much weaker is} 11. Nxe4 Bxb2 12. Rb1 Bg7 $11) 11... Nxc3 12. Bxc3 Bxc3 13. Qxc3 Bh3 14. e4 Nc7 15. Qe3 Bxg2 16. Kxg2 b5 17. Rac1 a5 18. e5 b4 19. Rfe1 (19. h4 $16) 19... Kg7 (19... f6 $1 $14) 20. h3 a4 21. Qf4 Qd7 22. Re3 (22. h4 $16) 22... f6 ({Black should try} 22... axb3 $14 23. axb3 f6) 23. exd6 $16 exd6 24. Rce1 {[%emt 0:01:28] [#] Strongly threatening Re7+. White is more active.} Rfe8 {[%emt 0:00:00] Prevents Re7+.} 25. Nd2 {[%emt 0:00:20] Black must now prevent Ne4.} Re5 26. Nf3 ({Much less strong is} 26. Rxe5 fxe5 27. Qh4 axb3 28. axb3 h6) (26. Ne4 $16 Ne8 27. g4) 26... Rxe3 27. Rxe3 Re8 $2 {[%emt 0:00:44] [#]} (27... axb3 $11 28. axb3 Re8) 28. Rxe8 $2 (28. bxa4 $1 $18 {a5 is the strong threat.} Ra8 29. Nh2) 28... Nxe8 $18 {[%emt 0:00:03][%mdl 4096] Endgame KQN-KQN} 29. Qe3 {[%emt 0:00:21] And now bxa4 would win.} axb3 30. axb3 Kg8 31. Nd2 f5 32. Nf3 Nf6 33. Ng5 Qe8 34. Ne6 Qe7 35. Kh2 Ne8 36. Qh6 {[%emt 0:12:46] Weighted Error Value: White=0.32/Black=0.26 (precise)} 1/2-1/2

[Event "Vienna Championship-B 2022"]
[Site "Vienna"]
[Date "2022.09.22"]
[Round "6.5"]
[White "Bytyqi, Kujtim"]
[Black "Wickramasinghe, Nathaniel"]
[Result "1-0"]
[ECO "A01"]
[WhiteElo "1862"]
[BlackElo "1760"]
[Annotator "NA RC COMBH"]
[PlyCount "103"]
[EventDate "2022.09.17"]
[EventType "swiss"]
[EventCountry "AUT"]
[SourceTitle "playchess.com"]
[Source "ChessBase"]
[SourceQuality "1"]
[TimeControl "5400+30"]

1. b3 e5 2. Bb2 Nc6 3. e3 d5 4. Bb5 Bd6 5. f4 Qe7 6. Nf3 Bg4 7. fxe5 Bxe5 8. Bxe5 Bxf3 9. Qxf3 Qxe5 10. Nc3 Nf6 11. O-O O-O 12. Ne2 Ne7 13. Ng3 Ne4 14. d4 Qe6 15. Nh5 Nd2 16. Qg3 Qg6 17. Qh4 Nxf1 18. Rxf1 Nf5 19. Rxf5 Qxf5 20. Bd3 Qxh5 21. Qxh5 f5 22. g4 g6 23. Qg5 fxg4 24. Qxd5+ Kg7 25. Qxb7 Rae8 26. Qxc7+ Rf7 27. Qg3 h5 28. Qd6 Rf6 29. Qd7+ Kf8 30. e4 g3 31. hxg3 g5 32. e5 Rf3 33. Kg2 g4 34. Bg6 Re7 35. Qd8+ Kg7 36. Qxe7+ Kxg6 37. d5 h4 38. gxh4 Rf7 39. Qg5+ Kh7 40. e6 Rg7 41. Qh5+ Kg8 42. Qe8+ Kh7 43. e7 Rg8 44. Qf7+ Kh8 45. e8=Q Rxe8 46. Qxe8+ Kh7 47. d6 a5 48. d7 a4 49. d8=Q a3 50. Qde7+ Kh6 51. Qc6+ Kh5 52. Qg5# 1-0

[Event "Vienna Championship-B 2022"]
[Site "Vienna"]
[Date "2022.09.22"]
[Round "6.7"]
[White "Schwabeneder, Alois"]
[Black "Pavlov, Alexander"]
[Result "1/2-1/2"]
[ECO "C77"]
[WhiteElo "1911"]
[BlackElo "1751"]
[Annotator "TA"]
[PlyCount "46"]
[EventDate "2022.09.17"]
[EventType "swiss"]
[EventCountry "AUT"]
[SourceTitle "playchess.com"]
[Source "ChessBase"]
[SourceQuality "1"]
[TimeControl "5400+30"]

1. e4 e5 2. Nf3 Nc6 3. Bb5 a6 4. Ba4 Nf6 5. d3 d6 6. Bg5 {[%emt 0:01:19] C77: Ruy Lopez: 3...a6 4 Ba4 Nf6, unusual lines.} h6 7. Bh4 Be7 8. O-O {[%emt 0:01:06] [#]} (8. a3 $11 {remains equal.}) 8... Bg4 (8... g5 $1 $17 9. Bg3 h5) 9. Nbd2 (9. h3 $11 Bd7 10. Nc3) 9... O-O ({Black should play} 9... g5 $1 $15 10. Bg3 Bd7) 10. c3 Nh7 (10... Nh5 $5 11. h3 Bc8 12. Bxe7 Qxe7 $11) 11. Bxe7 {[%emt 0:03:04] [#]} Nxe7 $146 ({Predecessor:} 11... Qxe7 12. h3 Bh5 13. g4 Bg6 14. Bb3 Ng5 15. Nxg5 Qxg5 16. Nf3 Qf4 17. Nh4 Kh7 {1-0 (43) Ivanov,Y (2041)-Orekhovsky,V (2067) Zhukovsky 2010}) 12. Qe1 f5 13. h3 (13. exf5 $142 Bxf5 14. d4) 13... Bxf3 (13... fxe4 {is more complex.} 14. Qxe4 Rf4 15. Bb3+ Kh8) 14. Nxf3 f4 15. d4 Ng6 16. Rd1 Nh4 17. Qe2 ({Much weaker is} 17. dxe5 Nxf3+ 18. gxf3 Qh4 $15) 17... Nxf3+ 18. Qxf3 {[%emt 0:00:49] Strongly threatening dxe5.} Ng5 19. Qg4 Qf6 20. h4 Nf7 (20... Nxe4 $2 21. Rfe1 $18) 21. g3 g5 22. Bb3 {[%emt 0:05:59] Threatens to win with dxe5.} Kh7 23. h5 Rad8 {[%emt 0:04:10] Weighted Error Value: White=0.26 (precise) /Black=0.23 (precise)} 1/2-1/2

[Event "Vienna Championship-B 2022"]
[Site "Vienna"]
[Date "2022.09.22"]
[Round "6.8"]
[White "Ginther, Tobias"]
[Black "Pantelic, Slobodan"]
[Result "1-0"]
[ECO "B41"]
[WhiteElo "1766"]
[BlackElo "1596"]
[Annotator "NA RC COMBH"]
[PlyCount "101"]
[EventDate "2022.09.17"]
[EventType "swiss"]
[EventCountry "AUT"]
[SourceTitle "playchess.com"]
[Source "ChessBase"]
[SourceQuality "1"]
[TimeControl "5400+30"]

1. e4 c5 2. Nf3 e6 3. d4 cxd4 4. Nxd4 a6 5. c4 d6 6. Be3 Be7 7. Nc3 Nf6 8. Be2 Nbd7 9. b4 Qc7 10. Qb3 Ne5 11. f3 Bd7 12. Rc1 O-O 13. O-O Rac8 14. Na4 Qb8 15. Nb6 Rc7 16. a4 Rd8 17. a5 Nc6 18. Nc2 Be8 19. Kh1 Nd7 20. Rcd1 Nce5 21. f4 Nc6 22. g4 Nf6 23. Bd3 Nxg4 24. Bc1 Bf8 25. Rd2 Ne7 26. Rg2 Nf6 27. Bb2 Ng6 28. Bxf6 gxf6 29. f5 Bc6 30. fxg6 hxg6 31. b5 axb5 32. cxb5 Bd7 33. Rxf6 Bg7 34. Rf3 Rc5 35. Rgf2 Be8 36. Bc4 d5 37. exd5 exd5 38. Bxd5 Rdxd5 39. Nxd5 Qe5 40. Nf6+ Bxf6 41. Rxf6 Rxb5 42. Qe3 Bc6+ 43. Kg1 Rb1+ 44. Rf1 Rxf1+ 45. Rxf1 Qd5 46. Qg3 Qxa5 47. Ne3 Qc5 48. Qf4 Qf8 49. Ng4 Qc5+ 50. Qf2 Qg5 51. Qxf7+ 1-0

[Event "Vienna Championship-B 2022"]
[Site "Vienna"]
[Date "2022.09.22"]
[Round "6.10"]
[White "Paseka, Christian"]
[Black "Mayrhuber, Franz"]
[Result "1-0"]
[ECO "A40"]
[WhiteElo "1568"]
[BlackElo "1718"]
[Annotator "NA COMBH"]
[PlyCount "59"]
[EventDate "2022.09.17"]
[EventType "swiss"]
[EventCountry "AUT"]
[SourceTitle "playchess.com"]
[Source "ChessBase"]
[SourceQuality "1"]
[TimeControl "5400+30"]

1. c4 Nc6 2. d4 e6 3. g3 Nf6 4. a3 d5 5. cxd5 Qxd5 6. Nf3 Be7 7. Nc3 Qd8 8. Bg2 O-O 9. O-O h6 10. e4 b6 11. Re1 Bb7 12. e5 Nd5 13. Nxd5 Qxd5 14. Be3 Rfd8 15. Rc1 Rac8 16. Qc2 Nb8 17. Nh4 Qxd4 18. Bxd4 Bxg2 19. Nxg2 Rxd4 20. Red1 Rg4 21. h3 Rg5 22. Qe4 Bc5 23. b4 Bf8 24. Rd3 c5 25. Rcd1 Nc6 26. f4 Rg6 27. Nh4 cxb4 28. Nxg6 fxg6 29. Qxg6 bxa3 30. Qxe6+ 1-0

[Event "Vienna Championship-B 2022"]
[Site "Vienna"]
[Date "2022.09.22"]
[Round "6.12"]
[White "Kunschek, Horst"]
[Black "Kern, Julian"]
[Result "1/2-1/2"]
[ECO "B55"]
[WhiteElo "1743"]
[BlackElo "1694"]
[Annotator "NA RC COMBH"]
[PlyCount "96"]
[EventDate "2022.09.17"]
[EventType "swiss"]
[EventCountry "AUT"]
[SourceTitle "playchess.com"]
[Source "ChessBase"]
[SourceQuality "1"]
[TimeControl "5400+30"]

1. e4 c5 2. Nf3 d6 3. d4 cxd4 4. Nxd4 Nf6 5. Bd3 e5 6. Nf3 d5 7. Nxe5 dxe4 8. Bb5+ Bd7 9. Bxd7+ Nbxd7 10. Nxd7 Qxd7 11. O-O Bb4 12. c3 Be7 13. Qxd7+ Nxd7 14. Re1 f5 15. Be3 Ne5 16. Bd4 Nd3 17. Re2 Rg8 18. Nd2 a6 19. f3 exf3 20. Nxf3 Kf8 21. g3 Re8 22. Rd2 Nc5 23. Re1 Ne4 24. Rde2 Bf6 25. Bxf6 Nxf6 26. Rxe8+ Nxe8 27. Ng5 Nf6 28. Ne6+ Kf7 29. Nc5 Rd8 30. Nxb7 Rd2 31. Rf1 g6 32. Rf2 Rd1+ 33. Kg2 Ne4 34. Rc2 Ke6 35. c4 Kd7 36. c5 Kc6 37. Na5+ Kb5 38. Nb3 Kc6 39. Kf3 Rd5 40. Kf4 g5+ 41. Ke3 Nxc5 42. Nxc5 Rxc5 43. Rd2 Re5+ 44. Kf3 Re8 45. h4 h6 46. Rd3 Rb8 47. Rd2 Re8 48. Rd3 Rb8 1/2-1/2

[Event "Vienna Championship-B 2022"]
[Site "Vienna"]
[Date "2022.09.23"]
[Round "7.1"]
[White "Bonk, Andras"]
[Black "Deak-Sala, Emilia"]
[Result "1/2-1/2"]
[ECO "B20"]
[WhiteElo "2175"]
[BlackElo "1787"]
[Annotator "TA"]
[PlyCount "43"]
[EventDate "2022.09.17"]
[EventType "swiss"]
[EventCountry "AUT"]
[SourceTitle "playchess.com"]
[Source "ChessBase"]
[SourceQuality "1"]
[TimeControl "5400+30"]

1. e4 c5 2. Ne2 Nc6 3. g3 g6 4. Bg2 Bg7 5. c3 e6 6. d4 cxd4 7. cxd4 d5 8. e5 Nge7 9. Nbc3 Nf5 10. O-O O-O 11. g4 {[%emt 0:03:12] B20: Sicilian: Unusual White 2nd moves.} Nh4 {[%emt 0:02:56] [#]} 12. Bh1 $146 ({Predecessor:} 12. Bf4 f6 13. exf6 Qxf6 14. Nb5 Nxg2 15. g5 Qf5 16. Kxg2 e5 17. dxe5 Qg4+ {0-1 (17) Schmid,R (2191)-Hoffmann,R (2084) Bad Homburg 2010}) 12... f6 13. f4 {[%emt 0:01:43] Black has an edge.} g5 14. exf6 Qxf6 15. Be3 gxf4 16. Rxf4 (16. Nxf4 $15 Qxd4 17. Bxd4 Bxd4+ 18. Qxd4 (18. Rf2 $2 Rxf4 19. h3 Rxf2 $19) 18... Nxd4 19. Nh5) 16... Qg6 $2 {[%emt 0:10:41] [#]} (16... Bh6 $17 17. Rc1 (17. Rxf6 $2 Bxe3+ 18. Kf1 Rxf6+ 19. Ke1 Bd7 $19) 17... Bxf4 18. Nxf4 Bd7) 17. Rxf8+ $14 Bxf8 18. Nf4 $36 {[%emt 0:05:14][%mdl 2048] White is pushing.} Qg7 19. Nh5 Qg6 20. Nf4 Qg7 21. Nh5 Qg6 22. Nf4 {[%emt 0:04:10] Weighted Error Value: White=0.13 (very precise) /Black=0.19 (very precise)} 1/2-1/2

[Event "Vienna Championship-B 2022"]
[Site "Vienna"]
[Date "2022.09.23"]
[Round "7.2"]
[White "Wagner, Leopold Franziskus"]
[Black "Obenaus, Paul"]
[Result "1-0"]
[ECO "E32"]
[WhiteElo "2201"]
[BlackElo "1825"]
[Annotator "TA"]
[PlyCount "69"]
[EventDate "2022.09.17"]
[EventType "swiss"]
[EventCountry "AUT"]
[SourceTitle "playchess.com"]
[Source "ChessBase"]
[SourceQuality "1"]
[TimeControl "5400+30"]

1. d4 Nf6 2. c4 e6 3. Nc3 Bb4 4. Qc2 O-O 5. e4 d5 6. e5 Ne4 7. Bd3 c5 $1 8. Nf3 {[%emt 0:00:06] Strongly threatening 0-0. E32: Nimzo-Indian: Classical (4 Qc2): 4...0-0.} cxd4 9. Nxd4 Nd7 10. Bf4 {[%emt 0:00:13] The position is equal.} Qh4 11. g3 Qh5 12. Bxe4 (12. O-O $11) 12... dxe4 $15 13. Qxe4 Nc5 (13... Bxc3+ $17 14. bxc3 Nc5) 14. Qe2 $11 {[%emt 0:07:47] [#]} Qh3 $146 ({Predecessor:} 14... Bxc3+ 15. bxc3 Qh3 16. Qf1 Qxf1+ 17. Kxf1 b6 18. Ke2 Ba6 19. Nb5 Rfc8 20. Nd6 Rc6 {0-1 (58) Mikrut,D (2390)-Sadzikowski,D (2522) Warsaw 2020}) 15. O-O-O {[%emt 0:03:02] With the idea Ncb5.} a6 {[%emt 0:11:49] Prevents Ncb5.} (15... Bxc3 $11 {keeps the balance.} 16. bxc3 b6) 16. Ne4 Nxe4 17. Qxe4 Rb8 $1 18. Bd2 {[%emt 0:07:17] White has more active pieces. The black rooks are badly placed.} Bc5 19. Nb3 Be7 20. Kb1 (20. Na5 $11) 20... b6 $1 $15 {[%emt 0:02:37][%mdl 1024] Black has compensation.} 21. Rhg1 Bb7 22. Qe3 Rfc8 23. Rc1 Qg4 (23... Qxh2 $15 24. Ka1 {[#]} Rxc4 $1) 24. f4 Rd8 25. Ka1 Ba8 26. Bc3 Qg6 27. Bd4 Rd7 (27... a5 $142) 28. g4 (28. c5 $142) 28... Qe4 ({Better is} 28... b5) 29. Bxb6 $16 Rd3 30. Qxe4 Bxe4 31. c5 f6 (31... Rc8 $16 32. Rce1 Bf3) 32. Bc7 $18 Rb5 {[%emt 0:00:18] [#]} (32... Rc8) 33. Rg3 {[%emt 0:05:28] White is winning.} Rxg3 34. hxg3 fxe5 35. Bxe5 {[%emt 0:00:25] Weighted Error Value: White=0.19 (very precise) /Black=0.29 (precise)} 1-0

[Event "Vienna Championship-B 2022"]
[Site "Vienna"]
[Date "2022.09.23"]
[Round "7.6"]
[White "Wickramasinghe, Nathaniel"]
[Black "Schwabeneder, Alois"]
[Result "1/2-1/2"]
[ECO "B17"]
[WhiteElo "1760"]
[BlackElo "1911"]
[Annotator "TA"]
[PlyCount "94"]
[EventDate "2022.09.17"]
[EventType "swiss"]
[EventCountry "AUT"]
[SourceTitle "playchess.com"]
[Source "ChessBase"]
[SourceQuality "1"]
[TimeControl "5400+30"]

1. e4 c6 2. d4 d5 3. Nc3 dxe4 4. Nxe4 Nd7 5. Nf3 Ngf6 6. Bd3 Nxe4 7. Bxe4 Nf6 8. Bd3 Bg4 9. c3 e6 10. h3 $1 {[%emt 0:00:25] 10.h3 scores better than 10.0-0.} Bh5 11. g4 {[%emt 0:01:15] B17: Caro-Kann: Modern Line (4...Nd7).} Bg6 12. Ne5 Qd5 13. f3 {[%emt 0:00:25] [#]} Nd7 $146 (13... Bxd3 $11 14. Qxd3 Rd8) ({Predecessor:} 13... Bxd3 14. Qxd3 Rd8 15. Kf2 Qxe5 16. dxe5 Rxd3 17. exf6 gxf6 18. Be3 b6 19. a4 Bc5 20. Bxc5 bxc5 {½-½ (53) Ivanovic,Z (2101)-Milic,I (1980) Jagodina 2013}) 14. Nxg6 (14. Bc4 {seems wilder.} Qa5 15. Bf4 Be7 16. Nxd7 Kxd7 17. Kf2) 14... hxg6 15. Bf4 Be7 16. Qe2 {[%emt 0:04:43] Inhibits e5.} Bh4+ 17. Kd2 Bg5 18. Bxg5 Qxg5+ 19. Qe3 Qd5 20. f4 {[%emt 0:05:10] Against e5} O-O-O 21. Kc2 (21. Be4 {looks sharper.} Qb5 22. Kc2 c5 23. Rad1) 21... Kb8 22. Be4 Qd6 23. a4 Rc8 24. b4 Nf6 25. Bf3 Nd5 26. Qe5 Rhd8 27. Bxd5 cxd5 28. Kd3 Rc4 29. Ra3 Kc7 30. Rf1 f6 31. Qxd6+ Kxd6 $11 {[%emt 0:00:09][%mdl 4096] Endgame KRR-KRR} 32. Ra2 Rdc8 33. Rc2 b6 34. h4 Rh8 35. Rh2 (35. Re1 $11) 35... a5 (35... e5 $1 $15 36. fxe5+ fxe5 37. dxe5+ Ke6) 36. Rb1 axb4 37. Rxb4 Rxb4 38. cxb4 {[%emt 0:00:05] KR-KR} Ra8 39. Ra2 Kc6 ({Black should try} 39... Rh8 $11) 40. b5+ (40. Kc3 $14) 40... Kd6 41. Kc3 (41. Rc2 $5 ) 41... Rc8+ 42. Kd3 Ra8 43. Kc3 (43. Rc2 $5 ) 43... e5 {[%emt 0:07:48] The position is equal.} 44. fxe5+ fxe5 45. dxe5+ Kxe5 46. Kb4 d4 {[%emt 0:00:55] ...d3 is the strong threat.} 47. a5 bxa5+ {[%emt 0:06:20] Weighted Error Value: White=0.14 (very precise) /Black=0.13 (very precise)} 1/2-1/2